 Dungeon Crawl Stone Soup version 0.26.1-11-gd32895ea62 (webtiles) character file.

Game seed: 17864979718887064803

3091 Zeld the Geomancer (level 9, -13/45 HPs)
             Began as a Gargoyle Earth Elementalist on June 6, 2021.
             Killed by divine providence
             ... invoked by an orc priest
              (16 damage)
             ... on level 7 of the Dungeon.
             The game lasted 00:11:06 (8804 turns).

Zeld the Geomancer (Gargoyle Earth Elementalist)    Turns: 8804, Time: 00:11:07

Health: -13/45     AC:  9    Str: 11    XL:     9   Next: 89%
Magic:  7/18       EV: 14    Int: 20    God:
Gold:   114        SH:  0    Dex: 10    Spells: 6/21 levels left

rFire    . . .     SeeInvis .   a - -3 quarterstaff (curse)
rCold    . . .     Faith    .   (shield currently unavailable)
rNeg     + . .     Spirit   .   c - +0 robe
rPois    ∞         Reflect  .   o - +0 helmet
rElec    +         Harm     .   (no cloak)
rCorr    .         Rampage  .   (no gloves)
Will     .....                  (no boots)
Stlth    +.........             (no amulet)
HPRegen  0.15/turn              l - ring of attention (curse)
MPRegen  0.16/turn              (no ring)

@: no status effects
A: negative energy resistance 1, electricity resistance, unbreathing,
petrification resistance, miasma immunity, AC +6
a: no special abilities


You were on level 7 of the Dungeon.
You visited 1 branch of the dungeon, and saw 7 of its levels.

You collected 303 gold pieces.
You spent 189 gold pieces at shops.

Inventory:

Hand Weapons
 a - a cursed -3 quarterstaff (weapon)
Missiles
 b - 101 stones (quivered)
Armour
 c - a +0 robe (worn)
 o - a +0 helmet (worn)
Jewellery
 l - a cursed ring of attention (left hand)
 q - an uncursed ring of protection from cold
Wands
 w - a wand of disintegration (14)
Scrolls
 f - 9 scrolls of teleportation
 g - 3 scrolls of blinking {unknown}
 h - 2 scrolls of enchant weapon {unknown}
 i - 2 scrolls of fog {unknown}
 j - 5 scrolls of amnesia {unknown}
 m - 6 scrolls of identify {unknown}
 u - a scroll of fear {unknown}
 v - a scroll of enchant armour {unknown}
Potions
 d - a potion of heal wounds {unknown}
 e - 2 potions of resistance {unknown}
 k - 3 potions of flight {unknown}
 n - 3 potions of haste {unknown}
 p - a potion of invisibility {unknown}
 r - a potion of magic {unknown}
 s - a potion of cancellation {unknown}
 t - a potion of brilliance {unknown}


   Skills:
 + Level 5.7 Dodging
 - Level 2.1 Stealth
 + Level 6.5 Spellcasting
 - Level 0.7 Transmutations
 * Level 11.7 Earth Magic


You had 6 spell levels left.
You knew the following spells:

 Your Spells              Type           Power        Failure   Level
a - Sandblast             Erth           100%         1%          1
b - Passwall              Tmut/Erth      25%          1%          2
c - Stone Arrow           Conj/Erth      60%          2%          3
d - Petrify               Tmut/Erth      31%          8%          4
e - Lee's Rapid Deconstr  Erth           26%          2%          5

Your spell library contained the following spells:

 Spells                   Type           Power        Failure   Level


Dungeon Overview and Level Annotations

Branches:
Dungeon (7/15)
 Temple: D:4-7

Altars:
Elyvilon
Fedhas
Makhleb
Nemelex Xobeh
Qazlal
Xom
Zin

Shops:
D:4 *   D:5 [*![

Annotations:
D:4 2 transporters, Zeld's ghost, weakling HuDe


Innate Abilities, Weirdness & Mutations

You are resistant to torment.
Your stone body is resilient. (AC +6)
You are immune to poison.
You resist negative energy. (rN+)
You are resistant to electric shocks. (rElec)
You can survive without breathing.
You are immune to petrification.
You are immune to miasma.


Message History

You kill the orc priest!
b - 102 stones The orc hits you with a +0 flail.
* * * LOW HITPOINT WARNING * * *
Casting: Sandblast (safe; 1% risk of failure)
Confirm with . or Enter, or press ? or * to list all spells.
Aiming: Sandblast (safe; 1% risk of failure)
Press: ? - help, Shift-Dir - straight line, f - orc
Aim: an orc, wielding a +0 flail and wearing a +0 chain mail (12% to evade)
The blast of sand hits the orc!
You kill the orc!
b - 101 stones Unknown command.
You start resting.
An orc priest comes into view. It is wielding a +0 hand axe.
An orc priest is nearby!
The orc priest shouts!
The orc priest invokes the aid of Beogh against you.
Beogh smites you!
You die...

#....##.....#..##.#
..##(.)#..##......#.##
.........###.##......##
...##...####.......#..#
##..o....).......#
#......))....#.#
.....)......##
..............#
..........@....#
...##.#.......###
###..†.....#
#.........# ##....<..##
#......## .......!####
#......)# ##......#


You could see an orc priest.

Vanquished Creatures
  A two-headed ogre (D:7)
  Duvessa (D:5)
  A sky beast (D:6)
  A black bear (D:3)
  An ogre (D:5)
  A necrophage (D:6)
  3 ice beasts
  4 phantoms
  2 bullfrogs (D:6)
  Dowan (D:5)
  3 scorpions
  A howler monkey (D:5)
  A hound (D:5)
  A centaur skeleton (D:4)
  A jelly (D:6)
  6 orc wizards
  5 orc priests
  A bullfrog skeleton (D:4)
  4 iguanas
  3 worker ants
  A hound skeleton (D:4)
  Robin (D:3)
  9 gnolls
  8 adders
  7 river rats (D:4)
  A shadow imp (D:5)
  A worm (D:3)
  3 dart slugs
  A leopard gecko (D:3)
  24 orcs
  6 bats
  4 giant cockroaches
  11 goblins
  11 hobgoblins
  5 jackals
  13 kobolds
  2 quokkas
  A ball python (D:3)
  4 frilled lizards
  A jackal skeleton (D:3)
  A jackal zombie (D:6)
  A quokka zombie (D:6)
  7 rats
165 creatures vanquished.

Notes
Turn   | Place    | Note
-------+----------+-------------------------------------------
     0 | D:1      | Zeld the Gargoyle Earth Elementalist began the quest for
                  | the Orb.
     0 | D:1      | Reached XP level 1. HP: 10/10 MP: 3/3
     3 | D:1      | Noticed an electric eel
     4 | D:1      | Noticed an electric eel
   100 | D:1      | Reached skill level 4 in Earth Magic
   100 | D:1      | Reached XP level 2. HP: 7/15 MP: 0/5
   103 | D:1      | Learned a level 2 spell: Passwall
  1433 | D:2      | Reached XP level 3. HP: 19/19 MP: 3/6
  1437 | D:2      | Learned a level 3 spell: Stone Arrow
  1469 | D:2      | Found a faded altar of an unknown god.
  2258 | D:3      | Noticed Robin
  2304 | D:3      | Reached XP level 4. HP: 9/24 MP: 2/7
  2652 | D:3      | Killed Robin
  2653 | D:3      | Reached skill level 5 in Earth Magic
  2991 | D:3      | Reached XP level 5. HP: 26/28 MP: 0/9
  3285 | D:3      | Noticed a black bear
  3317 | D:3      | Killed a black bear
  3318 | D:3      | Reached skill level 6 in Earth Magic
  3318 | D:3      | Reached XP level 6. HP: 30/32 MP: 7/10
  3324 | D:3      | Learned a level 4 spell: Petrify
  3360 | D:3      | Found a shimmering altar of Xom.
  3853 | D:4      | Found a transporter.
  3864 | D:4      | Found a transporter.
  4588 | D:4      | Reached skill level 7 in Earth Magic
  4605 | D:4      | Reached XP level 7. HP: 10/36 MP: 5/12
  5059 | D:4      | Found a white marble altar of Elyvilon.
  5060 | D:4      | Found a blossoming altar of Fedhas.
  5114 | D:4      | Found a stormy altar of Qazlal.
  5288 | D:4      | Found Refa's Assorted Antiques.
  5294 | D:4      | Bought a viscous brown potion for 24 gold pieces
  5294 | D:4      | Bought a scroll labelled VAROOMIWIG for 27 gold pieces
  5294 | D:4      | Bought a scroll labelled XAOFAJ QEGOSKA for 27 gold pieces
  5294 | D:4      | Bought an inky potion for 24 gold pieces
  5294 | D:4      | Bought a scroll labelled PYXTIC JISHUA for 27 gold pieces
  5294 | D:4      | Bought a scroll labelled PYXTIC JISHUA for 27 gold pieces
  5484 | D:4      | Noticed Zeld's ghost (weakling HuDe)
  5749 | D:4      | Reached skill level 8 in Earth Magic
  6137 | D:4      | Reached XP level 8. HP: 41/41 MP: 11/14
  6276 | D:5      | Entered Level 5 of the Dungeon
  6276 | D:5      | Found Naesud's Antique Armour Shop.
  6305 | D:5      | Found Olaep's General Store.
  6313 | D:5      | Bought a scroll of teleportation for 33 gold pieces
  6332 | D:5      | Noticed Duvessa
  6339 | D:5      | Noticed Dowan
  6345 | D:5      | Killed Duvessa
  6399 | D:5      | Reached skill level 9 in Earth Magic
  6754 | D:5      | Found Dialuag's Distillery.
  7006 | D:5      | Reached skill level 5 in Spellcasting
  7047 | D:5      | Learned a level 5 spell: Lee's Rapid Deconstruction
  7112 | D:5      | Found Ovair's Antique Armour Shoppe.
  7142 | D:5      | Found a burning altar of Makhleb.
  7341 | D:5      | Killed Dowan
  7835 | D:6      | Reached skill level 10 in Earth Magic
  7835 | D:6      | Reached XP level 9. HP: 45/45 MP: 12/17
  8147 | D:6      | Reached skill level 5 in Dodging
  8212 | D:6      | Found a sparkling altar of Nemelex Xobeh.
  8635 | D:6      | Found a glowing silver altar of Zin.
  8772 | D:7      | Noticed a two-headed ogre
  8777 | D:7      | Reached skill level 11 in Earth Magic
  8779 | D:7      | HP: 1/45 [two-headed ogre/+0 giant club (23)]
  8781 | D:7      | Killed a two-headed ogre
  8797 | D:7      | HP: 2/45 [orc/+0 flail (1)]
  8804 | D:7      | Killed from afar by an orc priest

Illustrated notes

Levels and vault maps discovered:
D:1:      arrival_aquarium_b, layout_basic
D:2:      layout_rooms, chequers_ecumenical_altar_simple_redux,
          minmay_misc_feat_ornament, roderic_serpentine_path,
          hangedman_glass_garden, amcnicky_mini_rare_corridor_liquid
D:3:      layout_basic, overflow_temple_1_default, uniq_robin
D:4:      layout_loops_corners, gammafunk_temple_overflow_statue,
          gammafunk_ghost_stat_death, lightli_sewer_entry_pipes, serial_shops,
          shop, minmay_ruined_shrine
D:5:      layout_rooms, serial_shops, shop, nicolae_shop_waterfront,
          nicolae_shop_waterfront, nicolae_shop_statue_plus,
          makhleb_blood_cavern_becter, uniq_duvessa
D:6:      layout_cave_pools, nemelex_xobeh_ov_fountains_minmay, zin_academy,
          serial_co_window_serial, co_window_of_opportunity_a,
          co_window_corner_a, co_window_paths_a, co_window_corner_a,
          co_window_corner_a, co_window_paths_b, co_window_corner_a,
          co_window_2corner, co_window_corner_b, co_window_cross_2,
          co_window_4corner_b, glass_columns_c, glass_columns_b,
          glass_columns_a, glass_columns_b, glass_columns_a
D:7:      layout_cave_pools, marbit_many_paths,
          minmay_temple_entry_antechambers, uniq_joseph

Skill      XL: |  1  2  3  4  5  6  7  8  9 |
---------------+----------------------------+-----
Earth Magic    | 4 5 6 7 8 10 11 | 11.7
Dodging        | 2 3 4 5 |  5.7
Spellcasting   | 3 4 5 6 |  6.5
Stealth        | |  2.1
Transmutations | |  0.7

Action                   |  1- 3 |  4- 6 |  7- 9 || total
-------------------------+-------+-------+-------++-------
Melee: Unarmed           |    18 |       |       ||    18
       Quarterstaff      |    22 |    17 |    44 ||    83
 Cast: Sandblast         |    46 |    76 |   158 ||   280
       Stone Arrow       |       |       |    10 ||    10
       Lee's Rapid Decon |       |       |     2 ||     2
  Use: Scroll            |       |       |     1 ||     1
       Potion            |       |       |     1 ||     1
Armor: Robe              |    25 |    30 |    51 ||   106
       Skin              |       |       |     1 ||     1
Dodge: Dodged            |    43 |    38 |    92 ||   173
